 Dungeon Crawl Stone Soup version 0.31-a0-744-gbc345e7fcb (webtiles) character file.

Game seed: 8143081581829233849

155 Ijustatesigmund the Magician (level 5, -3/30 HPs)
             Began as a Deep Elf Fire Elementalist on Sept 13, 2023.
             Slain by a gnoll
             ... wielding a +0 halberd
              (11 damage)
             ... on level 3 of the Dungeon.
             The game lasted 00:03:15 (2233 turns).

Ijustatesigmund the Magician (DEFE)                 Turns: 2233, Time: 00:03:16

Health: -3/30      AC:  2    Str:  5    XL:     5   Next: 14%
Magic:  5/13       EV: 13    Int: 22    God:
Gold:   23         SH:  0    Dex: 18    Spells: 9/12 levels left

rFire   . . .        l - +4 whip "Kudour" {freeze, Dex+3 SInv}
rCold   . . .        (no shield)
rNeg    . . .        a - +0 robe
rPois   .            (no helmet)
rElec   .            (no cloak)
rCorr   .            (no gloves)
SInv    +            (no boots)
Will    .....        (no amulet)
Stlth   ++           (no ring)
HPRegen 0.25/turn    (no ring)
MPRegen 0.13/turn

%: no passive effects
@: about to teleport
A: no striking features
a: no special abilities


You were on level 3 of the Dungeon.
You visited 1 branch of the dungeon, and saw 3 of its levels.

You collected 95 gold pieces.
You spent 72 gold pieces at shops.

Inventory:

Hand Weapons
 f - a +0 short sword
 l - the +4 whip "Kudour" (weapon) {freeze, Dex+3 SInv}
   (You found it on level 2 of the Dungeon)

   Dex+3:     It affects your dexterity (+3).
   SInv:      It lets you see invisible.
Armour
 a - a +0 robe (worn)
Jewellery
 g - an amulet of the acrobat
Scrolls
 d - 2 scrolls of poison {unknown}
 j - a scroll of enchant weapon {unknown}
 n - a scroll of noise {unknown}
 p - a scroll of blinking {unknown}
Potions
 b - a potion of magic
 c - a potion of degeneration {unknown}
 e - a potion of ambrosia
 h - 2 potions of curing
 i - a potion of haste {unknown}
 k - a potion of mutation {unknown}
 m - a potion of lignification {unknown}


   Skills:
 + Level 1.7 Fighting
 - Level 2.4 Dodging
 - Level 2.4 Stealth
 + Level 4.4 Spellcasting
 + Level 2.8 Conjurations
 + Level 4.3 Fire Magic


You had 9 spell levels left.
You knew the following spells:

 Your Spells              Type           Power      Damage    Failure   Level
a - Foxfire               Conj/Fire      80%        2x1d8     2%          1
b - Scorch                Fire           46%        2d6       2%          2

Your spell library contained the following spells:

 Spells                   Type           Power      Damage    Failure   Level
 Inner Flame              Hex/Fire       14%        N/A       13%         3
 Volatile Blastmotes      Fire/Tloc      28%        2d12      13%         3
 Flame Wave               Conj/Fire      20%        2d7       24%         4


Dungeon Overview and Level Annotations

Branches:
Dungeon (3/15)

Altars:
Yredelemnul

Shops:
D:2 ?*:


Message History

The phantom barely misses you. The phantom hits you.
The phantom blinks!
You blink.
An orc, 2 orc wizards and 3 gnolls come into view.
An orc wizard is wielding a +0 dagger and wearing a +2 robe of fire resistance.
Found a stone staircase leading up.
Unknown command.
You barely miss the phantom.
The phantom is almost destroyed.
The orc shouts!
The gnoll shouts! x2
The phantom hits you but does no damage.
Casting: Scorch (safe; 3% risk of failure)
Confirm with . or Enter, or press ? or * to list all spells.
You conjure some foxfire!
The orc wizard shouts!
The gnoll closely misses you. The phantom barely misses you.
The orc wizard gestures wildly while chanting.
The orc wizard flickers and vanishes for a moment.
The foxfire hits the orc wizard.
The orc wizard resists.
The orc wizard is lightly wounded.
The foxfire hits the phantom.
The phantom is burned terribly!
The phantom is almost destroyed.
The gnoll closely misses you. The phantom completely misses you.
The orc wizard hits you with a +0 dagger.
You barely miss the phantom.
The phantom is almost destroyed.
The gnoll closely misses you. The phantom misses you.
The orc wizard casts a spell at you. You resist with some effort.
The gnoll hits you from afar with a +0 halberd.
You whack the phantom!
You destroy the phantom!
The gnoll closely misses you.
The gnoll hits you from afar with a +0 halberd!
* * * LOW HITPOINT WARNING * * *
The orc wizard hits you but does no damage.
You have reached level 5!
As you read the scroll of teleportation, it crumbles to dust.
You feel strangely unstable.
The gnoll hits you from afar with a +0 halberd!
You die...

# .........<...
............#
............#
............#
.......o....#
.....ggg....#
.......oo...###
.......@......#
...........##.#
...........#
...........#
#.######.†.# . #
#...# .#
#v######...###.#
#...:..........#.
#####...........


You could see 2 orc wizards, 3 gnolls and an orc.

Vanquished Creatures
  A phantom (D:3)
  3 adders
  3 worms
  A dart slug (D:3)
  3 endoplasms
  2 giant cockroaches (D:1)
  5 hobgoblins
  2 jackals (D:3)
  4 kobolds
  A quokka (D:1)
  4 ball pythons
  2 bats (D:1)
  4 goblins
  5 rats
40 creatures vanquished.

Vanquished Creatures (others)
  98 foxfires
98 creatures vanquished.

Grand Total: 138 creatures vanquished

Notes
Turn   | Place    | Note
-------+----------+-------------------------------------------
     0 | D:1      | Ijustatesigmund the Deep Elf Fire Elementalist began the
                  | quest for the Orb.
     0 | D:1      | Reached XP level 1. HP: 10/10 MP: 6/6
   354 | D:1      | Reached XP level 2. HP: 16/16 MP: 4/8
   357 | D:1      | Learned a level 2 spell: Scorch
  1253 | D:2      | Reached skill level 1 in Fighting
  1253 | D:2      | Reached XP level 3. HP: 20/20 MP: 3/10
  1386 | D:2      | Identified the +4 whip "Kudour" {freeze, Dex+3 SInv}
  1492 | D:2      | Found Syhuu's Magic Scroll Shoppe.
  1513 | D:2      | Bought a scroll of teleportation for 33 gold pieces
  1513 | D:2      | Bought a scroll of identify for 22 gold pieces
  1530 | D:2      | Found a basalt altar of Yredelemnul.
  1530 | D:2      | Found Bit Rull's Assorted Antiques.
  1536 | D:2      | Bought a bubbling brown potion for 17 gold pieces
  1541 | D:2      | Found Uxox's Book Shoppe.
  1788 | D:3      | Reached XP level 4. HP: 25/25 MP: 3/11
  2208 | D:3      | Noticed a phantom
  2232 | D:3      | Killed a phantom
  2233 | D:3      | Reached XP level 5. HP: 7/30 MP: 5/13
  2233 | D:3      | Slain by a gnoll

Illustrated notes

Levels and vault maps discovered:
D:1:      ncdulo_watergridlock, layout_loops_ring
D:2:      layout_rooms, serial_shops, shop, shop, shop, basic_altar
D:3:      minmay_bubble_buster, layout_basic, eat_drink_and_be_merry_uskayaw

Skill      XL: |  1  2  3  4 |
---------------+-------------+-----
Fighting       | 1 |  1.7
Conjurations   | 2 |  2.8
Spellcasting   | 4 |  4.4
Fire Magic     | 4 |  4.3
Dodging        | |  2.4
Stealth        | |  2.4

Action                     |  1- 3 |  4- 6 || total
---------------------------+-------+-------++-------
  Melee: Short sword       |     1 |       ||     1
         Whip              |       |     4 ||     4
   Cast: Foxfire           |    47 |    14 ||    61
         Scorch            |    16 |     4 ||    20
    Use: Scroll            |     2 |     1 ||     3
 Armour: Robe              |     4 |     8 ||    12
  Dodge: Dodged            |     6 |     9 ||    15

Table legend: (Time is in decaauts)
 A = Elapsed time spent in this place.
 B = Non-inter-level travel time spent in this place.
 C = Inter-level travel time spent in this place.
 D = Time resting spent in this place.
 E = Time spent auto-exploring this place.
 F = Levels seen in this place.
 G = Mean time per level.
                   A        B        C        D        E       F      G
               +--------+--------+--------+--------+--------+-----+--------+
         Total |   2233 |   2214 |     19 |    267 |   1666 |   3 |  744.3 |
       Dungeon |   2233 |   2214 |     19 |    267 |   1666 |   3 |  744.3 |
               +--------+--------+--------+--------+--------+-----+--------+

Top non-repeatable levels by time:
     D:1: 1152 daAuts
     D:2: 621 daAuts
     D:3: 459 daAuts
